 Dungeon Crawl Stone Soup version 0.29.0-3-gbb0933ed62 (webtiles) character file.

Game seed: 3392320185813029257

109 voltaire321 the Sneak (level 4, -3/42 HPs)
             Began as an Octopode Earth Elementalist on Aug 26, 2022.
             Slain by a gnoll
             ... wielding a +0 spear
              (4 damage)
             ... on level 3 of the Dungeon.
             The game lasted 00:06:24 (2515 turns).

voltaire321 the Sneak (Octopode Earth Elementalist) Turns: 2515, Time: 00:06:24

Health: -3/42      AC:  1    Str:  7    XL:     4   Next: 89%
Magic:  4/7        EV: 13    Int: 16    God:
Gold:   119        SH:  3    Dex: 12    Spells: 2/8 levels left

rFire   . . .      SeeInvis .   d - +2 dagger (speed)
rCold   . . .      Faith    .   m - +0 buckler
rNeg    . . .      Spirit   .   (helmet restricted)
rPois   .          Reflect  .   o - necklace of Bloodlust {*Rage Will++ Int-3 Slay+6}
rElec   .          Harm     .   (no ring)
rCorr   .          Rampage  .   (no ring)
Will    ++...      Rage     50% (no ring)
Stlth   ..........              (no ring)
HPRegen 0.14/turn               (no ring)
MPRegen 0.10/turn               (no ring)
                                (no ring)
                                (no ring)

@: berserking, very quick
A: almost no armour, amphibious, 8 rings, camouflage 1, gelatinous body 1,
(nimble swimmer 1), tentacles
a: no special abilities


You were on level 3 of the Dungeon.
You visited 1 branch of the dungeon, and saw 3 of its levels.

You collected 119 gold pieces.

Inventory:

Hand Weapons
 d - a +2 dagger of speed (weapon)
Armour
 m - a +0 buckler (worn)
Jewellery
 o - the necklace of Bloodlust (around mantle) {*Rage Will++ Int-3 Slay+6}
   (You took it off a kobold on level 3 of the Dungeon)

   [amulet of nothing]

   It extends the wearer's berserk rage when killing foes.
   Int:       It affects your intelligence (-3).
   Slay:      It affects your accuracy & damage with ranged weapons and melee
   (+6).
   *Rage:     It berserks you when you make melee attacks (+50% chance).
   Will:      It greatly increases your willpower.
Scrolls
 b - a scroll of summoning {unknown}
 c - 2 scrolls of identify {unknown}
 f - 2 scrolls of teleportation {unknown}
 g - 2 scrolls of poison {unknown}
 h - 3 scrolls of fog {unknown}
 i - a scroll of vulnerability {unknown}
 j - a scroll of noise {unknown}
 k - 5 scrolls of blinking {unknown}
 l - 2 scrolls of enchant armour {unknown}
Potions
 a - 2 potions of magic
 e - a potion of attraction {unknown}
 n - 2 potions of heal wounds {unknown}
 p - 2 potions of curing {unknown}


   Skills:
 + Level 1.4 Fighting
 + Level 2.6 Dodging
 + Level 3.8 Stealth
 + Level 0.7 Shields
 + Level 2.5 Spellcasting
 + Level 0.8 Conjurations
 - Level 1.0 Transmutations
 + Level 3.5 Earth Magic


You had 2 spell levels left.
You knew the following spells:

 Your Spells              Type           Power      Damage    Failure   Level
a - Sandblast             Erth           26%        2d8       6%          1
b - Passwall              Tmut/Erth      7%         N/A       16%         2
c - Stone Arrow           Conj/Erth      18%        3d8       32%         3

Your spell library contained the following spells:

 Spells                   Type           Power      Damage    Failure   Level
 Gell's Gravitas          Tloc           2%         N/A       63%         3
 Lesser Beckoning         Tloc           2%         N/A       63%         3
 Teleport Other           Tloc           2%         N/A       63%         3
 Petrify                  Tmut/Erth      9%         N/A       71%         4


Dungeon Overview and Level Annotations

Branches:
Dungeon (3/15)

Altars:


Innate Abilities, Weirdness & Mutations

You cannot wear most types of armour.
You are amphibious.
You can wear up to eight rings at the same time.
Your skin changes colour to match your surroundings (Stealth+).
Your rubbery body absorbs attacks. (AC +1, EV +1)
((You are camouflaged when in or above water. (Stealth+)))
You have tentacles for arms and can constrict up to eight enemies at once.


Message History

Confirm with . or Enter, or press ? or * to list all spells.
Aiming: Sandblast (safe; 6% risk of failure)
Press: ? - help, Shift-Dir - straight line, f/p - gnoll
Aim: a gnoll, wielding a +0 spear (moderately wounded, 84% to hit)
The blast of sand hits the gnoll.
The gnoll is almost dead.
The gnoll hits you from afar with a +0 spear!
Casting: Sandblast (safe; 6% risk of failure)
Confirm with . or Enter, or press ? or * to list all spells.
Aiming: Sandblast (safe; 6% risk of failure)
Press: ? - help, Shift-Dir - straight line, f - gnoll
Aim: a gnoll, wielding a +0 whip (84% to hit)
The blast of sand hits the gnoll.
The gnoll is lightly wounded.
Casting: Sandblast (safe; 6% risk of failure)
Confirm with . or Enter, or press ? or * to list all spells.
Aiming: Sandblast (safe; 6% risk of failure)
Press: ? - help, Shift-Dir - straight line, f/p - gnoll
Aim: a gnoll, wielding a +0 whip (lightly wounded, 84% to hit)
The blast of sand hits the gnoll!
The gnoll is almost dead.
You hit the gnoll.
You kill the gnoll!
The gnoll hits you from afar with a +0 halberd!
Ouch! That really hurt!
* * * LOW HITPOINT WARNING * * *
The gnoll barely misses you. The gnoll closely misses you.
You see here a +0 whip.
A red film seems to cover your vision as you go berserk!
You feel yourself moving faster!
You feel mighty!
You puncture the gnoll! You grab the gnoll.
The gnoll is severely wounded.
You constrict the gnoll.
The gnoll hits you from afar with a +0 spear!
* * * LOW HITPOINT WARNING * * *
The gnoll struggles to escape constriction.
You puncture the gnoll!
You kill the gnoll!
The gnoll hits you with a +0 spear.
You die...

.##.##.................#......##.
.#..#...........†......'......##.
.#..#.######.##).#####.#......###
.#..#.######................#.#
....#.(................####.#.#
#####.#########..####### #....
#.# #..# #.#.# #.# #))#
#####.#########.@#
...............gg#
#####.#########.....#.#. #.#
##.#...... #.# #....#.#. #.# #.#
..... #.# #.# .#.#. #.# #.# ....
#.# #.# #.#.


You could see 2 gnolls.

Vanquished Creatures
  2 adders (D:3)
  2 gnolls (D:3)
  3 worms
  2 dart slugs
  3 orcs (D:3)
  4 ball pythons
  7 endoplasms
  A giant cockroach (D:3)
  4 goblins
  A hobgoblin (D:1)
  2 jackals (D:2)
  5 kobolds
  3 quokkas
  5 bats
  3 frilled lizards
  7 rats
54 creatures vanquished.

Notes
Turn   | Place    | Note
-------+----------+-------------------------------------------
     0 | D:1      | voltaire321 the Octopode Earth Elementalist began the quest
                  | for the Orb.
     0 | D:1      | Reached XP level 1. HP: 11/11 MP: 3/3
   185 | D:1      | Reached XP level 2. HP: 17/17 MP: 1/5
   564 | D:1      | Found a faded altar of an unknown god.
   869 | D:2      | Reached XP level 3. HP: 22/22 MP: 1/6
  1167 | D:2      | Reached skill level 1 in Fighting
  1300 | D:2      | Learned a level 2 spell: Passwall
  1304 | D:2      | Learned a level 3 spell: Stone Arrow
  1505 | D:2      | Identified the +1 leather armour "Turim" {Drain Will+
                  | Regen+}
  1877 | D:3      | Reached XP level 4. HP: 20/28 MP: 3/7
  2513 | D:3      | HP: 1/42 [gnoll/+0 spear (7)]
  2515 | D:3      | Slain by a gnoll

Illustrated notes

Levels and vault maps discovered:
D:1:      dpeg_arrival_pond, layout_basic, ebering_ecumenical_altar_mist,
          minmay_pentomino_t2
D:2:      layout_basic
D:3:      minmay_angry_zag, layout_basic, serial_glass, glass_columns_c,
          glass_columns_b

Skill      XL: |  1  2  3 |
---------------+----------+-----
Stealth        | 3 |  3.8
Fighting       | 1 |  1.4
Dodging        | |  2.6
Shields        | |  0.7
Spellcasting   | |  2.5
Conjurations   | |  0.8
Transmutations | |  1.0
Earth Magic    | |  3.5

Action                   |  1- 3 |  4- 6 || total
-------------------------+-------+-------++-------
Melee: Dagger            |    14 |     5 ||    19
       Tentacles         |     3 |       ||     3
       Constrict         |     2 |     1 ||     3
       Unarmed           |     1 |       ||     1
 Cast: Sandblast         |    53 |    27 ||    80
 Stab: Sleeping          |     1 |       ||     1
Armor: Skin              |     2 |       ||     2
Dodge: Dodged            |    12 |     9 ||    21
Block: Buckler           |     1 |     1 ||     2
